 Dungeon Crawl Stone Soup version 0.29-a0-472-ge5599a681e (webtiles) character file.

Game seed: 5127151795117625930

125 sammy202020 the Skirmisher (level 4, 0/37 HPs)
             Began as a Demonspawn Berserker on May 23, 2022.
             Was a Believer of Trog.
             Slain by an orc priest
             ... wielding a +0 dagger
              (2 damage)
             ... on level 3 of the Dungeon.
             The game lasted 00:03:24 (3435 turns).

sammy202020 the Skirmisher (Demonspawn Berserker)   Turns: 3435, Time: 00:03:25

Health: 0/37       AC:  8    Str: 20    XL:     4   Next: 82%
Magic:  4/4        EV:  8    Int: 10    God:    Trog [**....]
Gold:   148        SH:  0    Dex: 12    Spells: 3/3 levels left

rFire   . . .      SeeInvis .   a - +0 hand axe
rCold   . . .      Faith    .   (no shield)
rNeg    . . .      Spirit   .   k - +0 chain mail
rPois   .          Reflect  .   (no helmet)
rElec   .          Harm     .   (no cloak)
rCorr   .          Rampage  .   (no gloves)
Will    .....                   (no boots)
Stlth   ..........              (no amulet)
HPRegen 0.12/turn               (no ring)
MPRegen 0.09/turn               (no ring)

@: no status effects
A: foul stench 1, big brain 1
a: Renounce Religion, Berserk, Trog's Hand


You were on level 3 of the Dungeon.
You worshipped Trog.
Trog was pleased with you.
You visited 1 branch of the dungeon, and saw 3 of its levels.

You collected 148 gold pieces.

Inventory:

Hand Weapons
 a - a +0 hand axe (weapon)
 j - a +0 flail
Missiles
 h - 6 silver javelins (quivered)
Armour
 k - a +0 chain mail (worn)
Jewellery
 c - a ring of ice
Scrolls
 b - a scroll of identify
 e - a scroll of enchant armour
Potions
 d - a potion of flight
 g - a potion of berserk rage
 i - a potion of curing
 m - a potion of heal wounds {unknown}


   Skills:
 * Level 4.0 Fighting
 * Level 3.6 Axes
 + Level 2.5 Armour
 + Level 2.3 Dodging


You had 3 spell levels left.
You didn't know any spells.
Your spell library was empty.

Dungeon Overview and Level Annotations

Branches:
Dungeon (3/15)

Altars:
Okawaru


Innate Abilities, Weirdness & Mutations

You may rarely emit foul miasma when damaged in melee.
You have an unusually large brain. (Int +2)


Message History

Trog accepts your kill.
You hit the orc priest but do no damage.
The orc priest hits you but does no damage.
You hit the orc priest.
The orc priest is moderately wounded.
The orc priest barely misses you.
You barely miss the orc priest.
The orc priest is moderately wounded.
The orc priest hits you with a +0 dagger.
You barely miss the orc priest.
The orc priest is moderately wounded.
The orc priest hits you with a +0 dagger.
You barely miss the orc priest.
The orc priest is moderately wounded.
The orc priest hits you with a +0 dagger.
You barely miss the orc priest.
The orc priest is moderately wounded.
The orc priest completely misses you.
You hit the orc priest but do no damage.
The orc priest is moderately wounded.
The orc priest hits you with a +0 dagger.
You emit a cloud of foul miasma!
You hit the orc priest.
The orc priest is heavily wounded.
The orc priest is engulfed in dark miasma.
The orc priest is poisoned.
The orc priest seems to slow down.
The orc priest calls down the wrath of Beogh upon you.
Beogh smites you!
* * * LOW HITPOINT WARNING * * *
You barely miss the orc priest.
The orc priest is severely wounded.
The orc priest is engulfed in dark miasma.
The orc priest looks even sicker.
The orc priest hits you but does no damage.
You hit the orc priest but do no damage.
The orc priest is severely wounded.
The orc priest is engulfed in dark miasma.
The orc priest looks even sicker.
The orc priest seems to slow down.
The orc priest hits you with a +0 dagger.
You die...

#.# #.. #.#
#######.#
........#
........#
......o)#
#@# #.# #.#
#.# #.# #.#
#.#
#########.#
.......>..#


You could see an orc priest (very poisoned, slow).

Vanquished Creatures
  An orc wizard (D:3)
  2 adders
  2 dart slugs (D:1)
  9 orcs
  2 ball pythons (D:2)
  6 endoplasms
  3 giant cockroaches
  4 goblins
  4 hobgoblins
  3 jackals (D:1)
  6 quokkas
  4 bats
  A frilled lizard (D:1)
  8 kobolds
  10 rats
65 creatures vanquished.

Notes
Turn   | Place    | Note
-------+----------+-------------------------------------------
     0 | D:1      | sammy202020 the Demonspawn Berserker began the quest for
                  | the Orb.
     0 | D:1      | Reached XP level 1. HP: 18/18 MP: 1/1
   102 | D:1      | Found a faded altar of an unknown god.
   377 | D:1      | Gained mutation: You have an unusually large brain. (Int
                  | +2) [demonic ancestry]
   377 | D:1      | Reached XP level 2. HP: 23/24 MP: 2/2
  1059 | D:1      | Reached ** piety under Trog
  1098 | D:1      | Gained mutation: You may rarely emit foul miasma when
                  | damaged in melee. [demonic ancestry]
  1098 | D:1      | Reached XP level 3. HP: 20/29 MP: 3/3
  2538 | D:2      | Reached XP level 4. HP: 16/37 MP: 4/4
  3347 | D:3      | Found an iron altar of Okawaru.
  3425 | D:3      | Reached skill level 4 in Fighting
  3435 | D:3      | Slain by an orc priest

Illustrated notes

Levels and vault maps discovered:
D:1:      mushboom_english_gardens, layout_loops_cross,
          ebering_ecumenical_altar_webs
D:2:      layout_basic, corexii_hall_statues_u
D:3:      layout_basic, mainiacjoe_overflow_catwalk, moated_statue, uniq_terence

Skill      XL: |  1  2  3  4 |
---------------+-------------+-----
Armour         | 2 |  2.5
Axes           | 3 |  3.6
Dodging        | 2 |  2.3
Fighting       | 4 |  4.0

Action                   |  1- 3 |  4- 6 || total
-------------------------+-------+-------++-------
Melee: Hand axe          |   147 |    60 ||   207
       Punch             |     1 |       ||     1
  Use: Scroll            |     4 |     5 ||     9
 Stab: Sleeping          |     1 |       ||     1
Armor: Animal skin       |    11 |       ||    11
       Ring mail         |    30 |    14 ||    44
       Chain mail        |       |    12 ||    12
Dodge: Dodged            |    95 |    21 ||   116

Table legend: (Time is in decaauts)
 A = Elapsed time spent in this place.
 B = Non-inter-level travel time spent in this place.
 C = Inter-level travel time spent in this place.
 D = Time resting spent in this place.
 E = Time spent auto-exploring this place.
 F = Levels seen in this place.
 G = Mean time per level.
                   A        B        C        D        E       F      G
               +--------+--------+--------+--------+--------+-----+--------+
         Total |   3464 |   3457 |      7 |      0 |   2933 |   3 | 1154.7 |
       Dungeon |   3464 |   3457 |      7 |      0 |   2933 |   3 | 1154.7 |
               +--------+--------+--------+--------+--------+-----+--------+

Top non-repeatable levels by time:
     D:1: 1841 daAuts
     D:2: 1194 daAuts
     D:3: 427 daAuts
